 Dungeon Crawl Stone Soup version 0.32-a0-607-g64ea0e4219 (webtiles) character file.

Game seed: 2298178033936821634

401 nuthulu the Trooper (level 6, 0/58 HPs)
             Began as a Minotaur Fighter on Mar 3, 2024.
             Slain by an orc wizard
             ... wielding a +0 dagger
              (3 damage)
             ... on level 4 of the Dungeon.
             The game lasted 00:04:22 (1736 turns).

nuthulu the Trooper (Minotaur Fighter)              Turns: 1736, Time: 00:04:23

Health: 0/58       AC: 14    Str: 29    XL:     6   Next: 54%
Magic:  5/5        EV:  7    Int:  5    God:
Gold:   132        SH:  4    Dex:  9    Spells: 5/5 levels left

rFire   . . .        a - +0 war axe
rCold   . . .        c - +0 buckler
rNeg    . . .        n - +0 plate armour
rPois   +            (helmet restricted)
rElec   .            b - +0 cloak
rCorr   .            i - +1 pair of gloves
SInv    .            (no boots)
Will    .....        (no amulet) Stlth
                     f - ring of poison resistance
HPRegen 0.29/turn    l - +6 ring of strength
MPRegen 0.09/turn

%: no passive effects
@: mighty
A: horns 2, retaliatory headbutt
a: no special abilities


You were on level 4 of the Dungeon.
You visited 1 branch of the dungeon, and saw 4 of its levels.

You collected 132 gold pieces.

Inventory:

Hand Weapons
 a - a +0 war axe (weapon)
Armour
 b - a +0 cloak (worn)
 c - a +0 buckler (worn)
 i - a +1 pair of gloves (worn)
 n - a +0 plate armour (worn)
Jewellery
 f - a ring of poison resistance (left hand)
 l - a +6 ring of strength (right hand)
Wands
 k - a wand of light (7)
Potions
 e - 2 potions of curing {unknown}
 g - a potion of mutation {unknown}
 h - 2 potions of attraction
 j - a potion of brilliance {unknown}
 m - 2 potions of lignification {unknown}


   Skills:
 + Level 6.8 Fighting
 + Level 6.2 Axes
 - Level 3.6 Armour
 - Level 3.6 Shields


You had 5 spell levels left.
You didn't know any spells.
Your spell library contained the following spells:

 Spells                   Type           Power      Damage    Failure   Level
 Foxfire                  Conj/Fire      0%         2x1d4     100%        1
 Ozocubu's Armour         Ice            0%         N/A       100%        3
 Metabolic Englaciation   Hex/Ice        0%         N/A       100%        5
 Plasma Beam              Fire/Air       0%         2x1d10    100%        6
 Sculpt Simulacrum        Ice/Alch       0%         N/A       100%        6
 Starburst                Conj/Fire      0%         6d3       100%        6


Dungeon Overview and Level Annotations

Branches:
Dungeon (4/15)
 Temple: D:4-7

Altars:
Qazlal

Annotations:
D:3 2 transporters


Innate Abilities, Weirdness & Mutations

You have a pair of horns on your head.
You reflexively headbutt those who attack you in melee.


Message History

You slash Edmund!
Edmund is severely wounded.
You miss something. Something hits you but does no damage.
The orc hits you but does no damage.
Edmund gestures with his flail.
Edmund hits you with a +0 heavy flail.
* * * LOW HITPOINT WARNING * * *
You feel very mighty all of a sudden.
The orc hits you from afar with a +0 trident.
* * * LOW HITPOINT WARNING * * *
You block something's attack.
You barely miss Edmund.
Edmund is severely wounded.
You miss something. Edmund barely misses you.
Something hits you but does no damage. The orc barely misses you.
You closely miss Edmund. You headbutt Edmund!
Edmund is almost dead.
You barely miss something. Something hits you but does no damage.
You block the orc's attack. Edmund closely misses you.
The orc hits you from afar with a +0 trident.
* * * LOW HITPOINT WARNING * * *
You hear some strange, mumbled words.
A magic dart appears from out of thin air!
The magic dart hits you.
* * * LOW HITPOINT WARNING * * *
You closely miss Edmund. You headbutt Edmund.
You kill Edmund!
You miss something. Something hits you but does no damage.
The orc hits you but does no damage.
Your Axes skill increases to level 6!
You barely miss something. The orc hits you but does no damage.
You hear some strange, mumbled words.
A magic dart appears from out of thin air!
The magic dart hits you.
* * * LOW HITPOINT WARNING * * *
You barely miss something. Your headbutt misses something.
Something hits you but does no damage. The orc hits you but does no damage.
You barely miss something. The orc hits you but does no damage.
Something hits you.
You die...

#....##)# #######.#
#########
#######.####.......#
...................+..$...
.######........†...#.....#
#.#.......####.....#
#.##......## #.....#
#.##.......###.....###
#.##......@{##........
#.##......#).#....$...
#.##......##o#)..$....
#......##o.†.o.....
##########..###.... ##....
... ##..#.o . .># # ###


You could see 2 orcs.

Vanquished Creatures
  Sigmund (D:2)
  Edmund (D:4)
  Jessica (D:3)
  An iguana (D:4)
  2 adders
  2 dart slugs
  An orc (D:3)
  5 bats
  4 endoplasms
  5 giant cockroaches
  7 goblins
  4 hobgoblins
  5 jackals
  3 quokkas
  A ball python (D:2)
  A frilled lizard (D:1)
  3 kobolds
  2 rats (D:3)
49 creatures vanquished.

Notes
Turn   | Place    | Note
-------+----------+-------------------------------------------
     0 | D:1      | nuthulu the Minotaur Fighter began the quest for the Orb.
     0 | D:1      | Reached XP level 1. HP: 19/19 MP: 0/0
   193 | D:1      | Reached XP level 2. HP: 27/27 MP: 1/1
   448 | D:2      | Noticed Sigmund
   695 | D:2      | Reached XP level 3. HP: 31/34 MP: 2/2
   832 | D:2      | Killed Sigmund
   833 | D:2      | Reached skill level 5 in Fighting
   833 | D:2      | Reached skill level 5 in Axes
   833 | D:2      | Reached XP level 4. HP: 40/44 MP: 3/3
   833 | D:2      | Reached XP level 5. HP: 45/50 MP: 4/4
  1169 | D:3      | Noticed Jessica
  1178 | D:3      | Killed Jessica
  1216 | D:3      | Found a transporter.
  1224 | D:3      | Found a transporter.
  1248 | D:3      | Found a stormy altar of Qazlal.
  1395 | D:3      | Identified the +5 ring mail of Untold Secrets {Fly rPois
                  | rC+ Slay-3}
  1627 | D:4      | Reached XP level 6. HP: 54/58 MP: 5/5
  1715 | D:4      | Noticed Edmund
  1733 | D:4      | Killed Edmund
  1734 | D:4      | HP: 2/58 [something/magic dart (5)]
  1736 | D:4      | Slain by an orc wizard

Illustrated notes

Levels and vault maps discovered:
D:1:      spicycebolla_arrival_ecumenical, layout_basic
D:2:      layout_rooms, uniq_sigmund
D:3:      gammafunk_steamed_eel, layout_basic, nicolae_qazlal_general_emergency,
          uniq_jessica
D:4:      layout_basic, gammafunk_temple_overflow_claw,
          chequers_serial_rivers_micro_c, uniq_menkaure, uniq_edmund

Skill      XL: |  1  2  3  4  5  6 |
---------------+-------------------+-----
Fighting       | 4 5 6 |  6.8
Axes           | 3 5 6 |  6.2
Armour         | |  3.6
Shields        | |  3.6

Action                     |  1- 3 |  4- 6 || total
---------------------------+-------+-------++-------
  Melee: War axe           |    47 |    56 ||   103
         Headbutt          |     7 |     4 ||    11
    Use: Scroll            |     3 |     4 ||     7
         Potion            |       |     1 ||     1
   Stab: Distracted        |     1 |       ||     1
 Armour: Scale mail        |    52 |    18 ||    70
         Plate armour      |       |    42 ||    42
  Dodge: Dodged            |    28 |    28 ||    56
  Block: Buckler           |    12 |    15 ||    27

Table legend: (Time is in decaauts)
 A = Elapsed time spent in this place.
 B = Non-inter-level travel time spent in this place.
 C = Inter-level travel time spent in this place.
 D = Time resting spent in this place.
 E = Time spent auto-exploring this place.
 F = Levels seen in this place.
 G = Mean time per level.
                   A        B        C        D        E       F      G
               +--------+--------+--------+--------+--------+-----+--------+
         Total |   1770 |   1694 |     76 |    105 |    973 |   4 |  442.5 |
       Dungeon |   1770 |   1694 |     76 |    105 |    973 |   4 |  442.5 |
               +--------+--------+--------+--------+--------+-----+--------+

Top non-repeatable levels by time:
     D:1: 646 daAuts
     D:3: 498 daAuts
     D:2: 464 daAuts
     D:4: 160 daAuts
